Connexion

NASHVILLE Predators vs EDMONTON Oilers (R3)

Created - 25 août 2023 at 05:50

Goals
1 2 3 T
NASHVILLE Predators 0 1 0 1
EDMONTON Oilers 3 1 2 6
Shots
1 2 3 T
NASHVILLE Predators 5 9 6 20
EDMONTON Oilers 11 15 9 35

GoalsPenalties
1st period
1. EDMONTON Oilers , Roman Josi 2 (Tony DeAngelo 6, Ryan O'Reilly 7) at 6:02 (SH)
2. EDMONTON Oilers , Casey Cizikas 3 (Jonas Siegenthaler 4, Mackenzie Entwistle 3) at 13:39
3. EDMONTON Oilers , Tony DeAngelo 6 (Roman Josi 9, Nico Hischier 7) at 19:02 (PP)
Alexander Romanov (EDM) for Holding (Minor) at 1:50
Rasmus Sandin (EDM) for Hooking (Minor) at 5:25
Erik Gustafsson (NAS) for Roughing (Minor) at 11:22
Andrew Copp (NAS) for Hooking (Minor) at 16:35
Josh Morrissey (NAS) for Hooking (Minor) at 18:58
2nd period
4. EDMONTON Oilers , Mitch Marner 5 (Clayton Keller 7, Jonas Siegenthaler 5) at 9:06
5. NASHVILLE Predators , Erik Gustafsson 2 (Bryan Rust 1, Filip Forsberg 10) at 15:01
Oliver Ekman-Larsson (EDM) for Hooking (Minor) at 3:18
Erik Gustafsson (NAS) for Cross-checking (Minor) at 17:09
3rd period
6. EDMONTON Oilers , Ryan O'Reilly 6 (Nikolaj Ehlers 7, Oliver Ekman-Larsson 7) at 1:11
7. EDMONTON Oilers , Clayton Keller 6 (Ryan O'Reilly 8, Tony DeAngelo 7) at 17:09 (PP)
Arthur Kaliyev (EDM) for Tripping (Minor) at 4:22
Chris Tanev (NAS) for Hooking (Minor) at 14:17
Filip Forsberg (NAS) for Interference (Minor) at 15:25
Josh Morrissey (NAS) for Tripping (Minor) at 18:56
Goalie Stats
Matt Murray (NAS), 14 saves from 16 shots - (0,875), 30:54 minutes
Cal Petersen (NAS), 15 saves from 19 shots - (0,789), L, 0-3-0, 29:06 minutes
Juuse Saros (EDM), 19 saves from 20 shots - (0,950), W, 5-3-1, 60:00 minutes
3 StarsOfficial
1 - Ryan O'Reilly (EDM)
2 - Tony DeAngelo (EDM)
3 - Jonas Siegenthaler (EDM)
Referees : Brad Watson and Gord Dwyer
Linesman : Dan Schachte and Darren Gibbs
Game Note
Matt Murray enters game at 9:06 of 2nd period
Finance
Level 1 -- Attendance: 5544 (92,40%) -- Ticket Income 665 280 $
Level 2 -- Attendance: 3839 (100,00%) -- Ticket Income 391 578 $
Level 3 -- Attendance: 2000 (100,00%) -- Ticket Income 102 000 $
Level 4 -- Attendance: 3077 (76,93%) -- Ticket Income 123 080 $
Luxury Box -- Attendance: 922 (92,20%) -- Ticket Income 221 280 $
Game was played at the Rexall Place.
Total Attendance: 15382 (91,35%)
Total Ticket Income: 1 503 218 $
Other Income: 300 644 $
Total Income: 1 803 862 $



Team Name Goals Shots Shots Attemp Shots Blocked PIM HIT PP PK FO%
NASHVILLE Predators 12051614180 / 4 (0%)253%
EDMONTON Oilers 63574108242 / 7 (29%)047%

NASHVILLE Predators
Player Name POS G A P +/- PIM HIT SHT SB MP PP MP PP SHT PK MP PK SHT FO% FOT
Andrew CoppC/LW000-1200111:510:0000:0900% 2
Brett ConnollyLW/RW000-101307:130:0000:1800% 0
Bryan RustLW/RW0111010018:103:3200:0000% 0
Calle JarnkrokC/LW/RW000-2012121:333:5615:54050% 18
Cam FowlerD000-1001022:484:1312:3200% 0
Chris TanevD0000230018:040:0005:2100% 0
Colin WhiteC/RW000-100006:550:0000:0000% 0
Erik BrannstromD0000011015:363:4300:2100% 0
Erik GustafssonD101-2411118:000:0003:2900% 0
Filip ForsbergLW0110246020:493:4512:26067% 3
Henrik BorgstromC000-100008:520:0000:00067% 9
Josh MorrisseyD000-1430023:094:1302:5500% 0
Kevin LabancLW/RW000-1001012:524:0000:0000% 1
Leon DraisaitlC/LW/RW0000001019:133:5600:39059% 22
Matt GrzelcykD000-2010322:183:4305:1400% 0
Oskar SteenC000-100007:340:3900:00025% 4
Ryan DonatoC/LW000-1003012:120:0003:20067% 6
Vladislav NamestnikovC/LW/RW000-1021021:574:0006:14050% 16
EDMONTON Oilers
Player Name POS G A P +/- PIM HIT SHT SB MP PP MP PP SHT PK MP PK SHT FO% FOT
Alexander RomanovD0000230219:140:5702:4800% 0
Anthony CirelliC0000014110:410:0000:1200% 0
Arthur KaliyevRW0001212017:233:4800:0000% 0
Casey CizikasC101100204:320:2310:000100% 1
Clayton KellerC/LW/RW1120024021:024:1322:55025% 4
Dylan StromeC0000002010:550:0000:26058% 12
Jack QuinnRW0000002010:290:0000:0000% 0
Jonas SiegenthalerD0222030112:260:0001:3400% 0
Mackenzie EntwistleRW011100006:041:5500:0000% 0
Mitch MarnerRW1010001019:155:2100:00033% 3
Nico HischierC0110063021:525:2102:37045% 20
Nikolaj EhlersLW0112012122:414:1214:53020% 5
Oliver Ekman-LarssonD0110224424:055:0322:4200% 0
Rasmus SandinD0002211016:004:0610:1200% 0
Roman Josi D1121004024:004:5334:1210% 0
Ryan O'ReillyC/LW1232023122:374:1204:49052% 33
Tony DeAngeloD1231021024:124:5314:2400% 0
Yegor SharangovichC/LW000100004:320:2300:00033% 3



Play-by-Play

1st period


0:01 of 1st period - Ryan O'Reilly wins face-off versus Leon Draisaitl in neutral zone.
0:32 of 1st period - Shot by Arthur Kaliyev.
0:32 of 1st period - Stopped by Cal Petersen without a rebound.
0:33 of 1st period - Nico Hischier wins face-off versus Calle Jarnkrok in NASHVILLE Predators zone.
1:05 of 1st period - Vladislav Namestnikov is hit by Alexander Romanov and loses puck.
1:36 of 1st period - Kevin Labanc is hit by Alexander Romanov and loses puck.
1:48 of 1st period - Kevin Labanc is hit by Oliver Ekman-Larsson and loses puck.
1:50 of 1st period - Minor Penalty to Alexander Romanov for Holding.
1:51 of 1st period - Leon Draisaitl wins face-off versus Nikolaj Ehlers in EDMONTON Oilers zone.
1:52 of 1st period - Shot by Josh Morrissey.
1:52 of 1st period - Shot Misses the Net.
1:54 of 1st period - Shot by Calle Jarnkrok.
1:54 of 1st period - Shot Misses the Net.
1:56 of 1st period - Shot by Leon Draisaitl.
1:56 of 1st period - Shot Misses the Net.
1:58 of 1st period - Shot by Cam Fowler.
1:58 of 1st period - Stopped by Juuse Saros with a rebound.
2:00 of 1st period - Shot by Filip Forsberg.
2:00 of 1st period - Stopped by Juuse Saros without a rebound.
2:01 of 1st period - Nikolaj Ehlers wins face-off versus Vladislav Namestnikov in EDMONTON Oilers zone.
2:07 of 1st period - Icing by Bryan Rust.
2:08 of 1st period - Ryan O'Reilly wins face-off versus Vladislav Namestnikov in NASHVILLE Predators zone.
2:25 of 1st period - Shot by Josh Morrissey.
2:25 of 1st period - Shot Misses the Net.
2:41 of 1st period - Bryan Rust is hit by Nico Hischier and loses puck.
3:27 of 1st period - Shot by Leon Draisaitl.
3:27 of 1st period - Shot Misses the Net.
3:29 of 1st period - Shot by Calle Jarnkrok.
3:29 of 1st period - Stopped by Juuse Saros without a rebound.
3:30 of 1st period - Leon Draisaitl wins face-off versus Ryan O'Reilly in EDMONTON Oilers zone.
3:30 of 1st period - Calle Jarnkrok is hit by Oliver Ekman-Larsson and loses puck.
5:11 of 1st period - Kevin Labanc is hit by Jonas Siegenthaler and loses puck.
5:24 of 1st period - Shot by Kevin Labanc.
5:24 of 1st period - Shot Blocked by Jonas Siegenthaler.
5:25 of 1st period - Minor Penalty to Rasmus Sandin for Hooking.
5:26 of 1st period - Ryan O'Reilly wins face-off versus Calle Jarnkrok in EDMONTON Oilers zone.
5:58 of 1st period - Icing by Cam Fowler.
5:59 of 1st period - Ryan O'Reilly wins face-off versus Leon Draisaitl in NASHVILLE Predators zone.
6:02 of 1st period - Shot by Roman Josi .
6:02 of 1st period - Goal by Roman Josi - NASHVILLE Predators : 0 - EDMONTON Oilers : 1.
6:03 of 1st period - Ryan O'Reilly wins face-off versus Vladislav Namestnikov in neutral zone.
6:34 of 1st period - Shot by Bryan Rust.
6:34 of 1st period - Shot Misses the Net.
6:50 of 1st period - Shot by Nico Hischier.
6:50 of 1st period - Deflect By Clayton Keller.
6:50 of 1st period - Shot Misses the Net.
7:45 of 1st period - Icing by Cam Fowler.
7:46 of 1st period - Dylan Strome wins face-off versus Oskar Steen in NASHVILLE Predators zone.
7:53 of 1st period - Shot by Anthony Cirelli.
7:53 of 1st period - Stopped by Cal Petersen with a rebound.
7:55 of 1st period - Shot by Anthony Cirelli.
7:55 of 1st period - Shot Misses the Net.
8:05 of 1st period - Shot by Anthony Cirelli.
8:05 of 1st period - Stopped by Cal Petersen with a rebound.
8:07 of 1st period - Shot by Oliver Ekman-Larsson.
8:07 of 1st period - Shot Misses the Net.
8:09 of 1st period - Shot by Anthony Cirelli.
8:09 of 1st period - Stopped by Cal Petersen without a rebound.
8:10 of 1st period - Leon Draisaitl wins face-off versus Ryan O'Reilly in NASHVILLE Predators zone.
8:22 of 1st period - Icing by Nikolaj Ehlers.
8:23 of 1st period - Ryan O'Reilly wins face-off versus Calle Jarnkrok in EDMONTON Oilers zone.
10:29 of 1st period - Mitch Marner is hit by Erik Gustafsson and loses puck.
10:38 of 1st period - Shot by Ryan Donato.
10:38 of 1st period - Deflect By Kevin Labanc.
10:38 of 1st period - Stopped by Juuse Saros with a rebound.
10:40 of 1st period - Shot by Ryan Donato.
10:40 of 1st period - Shot Misses the Net.
10:42 of 1st period - Shot by Erik Gustafsson.
10:42 of 1st period - Shot Misses the Net.
10:44 of 1st period - Shot by Kevin Labanc.
10:44 of 1st period - Shot Misses the Net.
11:22 of 1st period - Minor Penalty to Erik Gustafsson for Roughing.
11:23 of 1st period - Nico Hischier wins face-off versus Vladislav Namestnikov in NASHVILLE Predators zone.
12:09 of 1st period - Shot by Oliver Ekman-Larsson.
12:09 of 1st period - Shot Blocked by Matt Grzelcyk.
12:11 of 1st period - Shot by Yegor Sharangovich.
12:11 of 1st period - Deflect By Clayton Keller.
12:11 of 1st period - Shot Misses the Net.
12:15 of 1st period - Shot by Yegor Sharangovich.
12:15 of 1st period - Shot Misses the Net.
12:17 of 1st period - Shot by Oliver Ekman-Larsson.
12:17 of 1st period - Shot Misses the Net.
12:19 of 1st period - Shot by Casey Cizikas.
12:19 of 1st period - Stopped by Cal Petersen without a rebound.
12:20 of 1st period - Ryan Donato wins face-off versus Ryan O'Reilly in NASHVILLE Predators zone.
13:35 of 1st period - Shot by Casey Cizikas.
13:35 of 1st period - Shot Blocked by Matt Grzelcyk.
13:37 of 1st period - Shot by Jonas Siegenthaler.
13:37 of 1st period - Shot Blocked by Erik Gustafsson.
13:39 of 1st period - Shot by Casey Cizikas.
13:39 of 1st period - Goal by Casey Cizikas - NASHVILLE Predators : 0 - EDMONTON Oilers : 2.
13:40 of 1st period - Dylan Strome wins face-off versus Leon Draisaitl in neutral zone.
14:50 of 1st period - Erik Brannstrom is hit by Rasmus Sandin and loses puck.
15:53 of 1st period - Icing by Mitch Marner.
15:54 of 1st period - Calle Jarnkrok wins face-off versus Nico Hischier in EDMONTON Oilers zone.
16:02 of 1st period - Icing by Tony DeAngelo.
16:03 of 1st period - Calle Jarnkrok wins face-off versus Nico Hischier in EDMONTON Oilers zone.
16:22 of 1st period - Shot by Clayton Keller.
16:22 of 1st period - Shot Misses the Net.
16:33 of 1st period - Vladislav Namestnikov is hit by Tony DeAngelo and loses puck.
16:35 of 1st period - Minor Penalty to Andrew Copp for Hooking.
16:36 of 1st period - Vladislav Namestnikov wins face-off versus Nikolaj Ehlers in NASHVILLE Predators zone.
16:55 of 1st period - Shot by Oliver Ekman-Larsson.
16:55 of 1st period - Shot Hit the Post.
16:57 of 1st period - Shot by Rasmus Sandin.
16:57 of 1st period - Stopped by Cal Petersen with a rebound.
17:07 of 1st period - Shot by Oliver Ekman-Larsson.
17:07 of 1st period - Stopped by Cal Petersen with a rebound.
17:31 of 1st period - Josh Morrissey is hit by Nico Hischier and loses puck.
18:10 of 1st period - Ryan O'Reilly is hit by Chris Tanev and loses puck.
18:23 of 1st period - Shot by Oliver Ekman-Larsson.
18:23 of 1st period - Stopped by Cal Petersen without a rebound.
18:24 of 1st period - Ryan O'Reilly wins face-off versus Vladislav Namestnikov in NASHVILLE Predators zone.
18:58 of 1st period - Minor Penalty to Josh Morrissey for Hooking.
18:59 of 1st period - Nico Hischier wins face-off versus Ryan Donato in NASHVILLE Predators zone.
19:02 of 1st period - Shot by Tony DeAngelo.
19:02 of 1st period - Goal by Tony DeAngelo - NASHVILLE Predators : 0 - EDMONTON Oilers : 3.
19:03 of 1st period - Casey Cizikas wins face-off versus Leon Draisaitl in neutral zone.
19:03 of 1st period - Casey Cizikas is hit by Filip Forsberg.
19:06 of 1st period - Roman Josi is hit by Erik Brannstrom and loses puck.
19:31 of 1st period - Shot by Bryan Rust.
19:31 of 1st period - Shot Misses the Net.
19:39 of 1st period - Shot by Leon Draisaitl.
19:39 of 1st period - Shot Misses the Net.
19:41 of 1st period - Shot by Filip Forsberg.
19:41 of 1st period - Deflect By Leon Draisaitl.
19:41 of 1st period - Stopped by Juuse Saros without a rebound.
19:42 of 1st period - Ryan O'Reilly wins face-off versus Andrew Copp in EDMONTON Oilers zone.
19:42 of 1st period - Ryan O'Reilly is hit by Calle Jarnkrok.
Goals for this period are 0 for NASHVILLE Predators vs 3 for EDMONTON Oilers .
Shots for this period are 5 for NASHVILLE Predators vs 11 for EDMONTON Oilers .

2nd period


0:01 of 2nd period - Ryan O'Reilly wins face-off versus Leon Draisaitl in neutral zone.
0:18 of 2nd period - Shot by Arthur Kaliyev.
0:18 of 2nd period - Deflect By Nikolaj Ehlers.
0:18 of 2nd period - Stopped by Cal Petersen without a rebound.
0:19 of 2nd period - Calle Jarnkrok wins face-off versus Mitch Marner in NASHVILLE Predators zone.
0:19 of 2nd period - Calle Jarnkrok is hit by Nico Hischier.
0:32 of 2nd period - Shot by Roman Josi .
0:32 of 2nd period - Shot Blocked by Matt Grzelcyk.
0:34 of 2nd period - Shot by Mitch Marner.
0:34 of 2nd period - Shot Misses the Net.
0:36 of 2nd period - Shot by Clayton Keller.
0:36 of 2nd period - Shot Misses the Net.
0:38 of 2nd period - Shot by Nico Hischier.
0:38 of 2nd period - Stopped by Cal Petersen with a rebound.
1:23 of 2nd period - Shot by Nikolaj Ehlers.
1:23 of 2nd period - Shot Misses the Net.
1:25 of 2nd period - Shot by Oliver Ekman-Larsson.
1:25 of 2nd period - Stopped by Cal Petersen without a rebound.
1:26 of 2nd period - Leon Draisaitl wins face-off versus Dylan Strome in NASHVILLE Predators zone.
1:35 of 2nd period - Shot by Filip Forsberg.
1:35 of 2nd period - Stopped by Juuse Saros without a rebound.
1:36 of 2nd period - Leon Draisaitl wins face-off versus Ryan O'Reilly in EDMONTON Oilers zone.
1:48 of 2nd period - Icing by Alexander Romanov.
1:49 of 2nd period - Henrik Borgstrom wins face-off versus Nikolaj Ehlers in EDMONTON Oilers zone.
2:05 of 2nd period - Off-side.
2:06 of 2nd period - Leon Draisaitl wins face-off versus Nico Hischier in neutral zone.
2:23 of 2nd period - Shot by Nico Hischier.
2:23 of 2nd period - Stopped by Cal Petersen without a rebound.
2:24 of 2nd period - Calle Jarnkrok wins face-off versus Ryan O'Reilly in NASHVILLE Predators zone.
2:31 of 2nd period - Shot by Calle Jarnkrok.
2:31 of 2nd period - Stopped by Juuse Saros without a rebound.
2:32 of 2nd period - Ryan O'Reilly wins face-off versus Leon Draisaitl in EDMONTON Oilers zone.
2:36 of 2nd period - Icing by Nikolaj Ehlers.
2:37 of 2nd period - Ryan O'Reilly wins face-off versus Leon Draisaitl in EDMONTON Oilers zone.
2:48 of 2nd period - Shot by Nikolaj Ehlers.
2:48 of 2nd period - Shot Misses the Net.
2:54 of 2nd period - Alexander Romanov is hit by Filip Forsberg and loses puck.
3:09 of 2nd period - Shot by Filip Forsberg.
3:09 of 2nd period - Shot Blocked by Ryan O'Reilly.
3:17 of 2nd period - Shot by Filip Forsberg.
3:17 of 2nd period - Shot Misses the Net.
3:18 of 2nd period - Minor Penalty to Oliver Ekman-Larsson for Hooking.
3:19 of 2nd period - Vladislav Namestnikov wins face-off versus Ryan O'Reilly in EDMONTON Oilers zone.
3:19 of 2nd period - Vladislav Namestnikov is hit by Tony DeAngelo.
3:45 of 2nd period - Shot by Bryan Rust.
3:45 of 2nd period - Deflect By Kevin Labanc.
3:45 of 2nd period - Shot Misses the Net.
5:38 of 2nd period - Shot by Brett Connolly.
5:38 of 2nd period - Stopped by Juuse Saros with a rebound.
5:52 of 2nd period - Shot by Brett Connolly.
5:52 of 2nd period - Deflect By Colin White.
5:52 of 2nd period - Shot Misses the Net.
6:49 of 2nd period - Shot by Vladislav Namestnikov.
6:49 of 2nd period - Stopped by Juuse Saros without a rebound.
6:50 of 2nd period - Leon Draisaitl wins face-off versus Nico Hischier in EDMONTON Oilers zone.
6:50 of 2nd period - Erik Brannstrom is hit by Alexander Romanov and loses puck.
7:27 of 2nd period - Shot by Oliver Ekman-Larsson.
7:27 of 2nd period - Shot Misses the Net.
7:29 of 2nd period - Shot by Mitch Marner.
7:29 of 2nd period - Shot Misses the Net.
7:49 of 2nd period - Nikolaj Ehlers is hit by Chris Tanev and loses puck.
8:02 of 2nd period - Shot by Ryan O'Reilly.
8:02 of 2nd period - Stopped by Cal Petersen without a rebound.
8:03 of 2nd period - Dylan Strome wins face-off versus Andrew Copp in NASHVILLE Predators zone.
8:03 of 2nd period - Tony DeAngelo is hit by Josh Morrissey.
8:05 of 2nd period - Shot by Dylan Strome.
8:05 of 2nd period - Stopped by Cal Petersen without a rebound.
8:06 of 2nd period - Dylan Strome wins face-off versus Calle Jarnkrok in NASHVILLE Predators zone.
8:23 of 2nd period - Shot by Jack Quinn.
8:23 of 2nd period - Stopped by Cal Petersen without a rebound.
8:24 of 2nd period - Nico Hischier wins face-off versus Henrik Borgstrom in NASHVILLE Predators zone.
9:06 of 2nd period - Shot by Mitch Marner.
9:06 of 2nd period - Goal by Mitch Marner - NASHVILLE Predators : 0 - EDMONTON Oilers : 4.
9:06 of 2nd period - Matt Murray enters game.
9:07 of 2nd period - Ryan O'Reilly wins face-off versus Calle Jarnkrok in neutral zone.
9:31 of 2nd period - Cam Fowler is hit by Arthur Kaliyev.
9:35 of 2nd period - Shot by Arthur Kaliyev.
9:35 of 2nd period - Stopped by Matt Murray without a rebound.
9:36 of 2nd period - Filip Forsberg wins face-off versus Dylan Strome in NASHVILLE Predators zone.
9:36 of 2nd period - Filip Forsberg is hit by Anthony Cirelli.
10:00 of 2nd period - Shot by Bryan Rust.
10:00 of 2nd period - Shot Blocked by Oliver Ekman-Larsson.
10:02 of 2nd period - Shot by Erik Brannstrom.
10:02 of 2nd period - Stopped by Juuse Saros without a rebound.
10:03 of 2nd period - Mitch Marner wins face-off versus Calle Jarnkrok in EDMONTON Oilers zone.
10:33 of 2nd period - Mitch Marner is hit by Josh Morrissey and loses puck.
10:57 of 2nd period - Icing by Cam Fowler.
10:58 of 2nd period - Ryan O'Reilly wins face-off versus Calle Jarnkrok in NASHVILLE Predators zone.
11:13 of 2nd period - Shot by Nikolaj Ehlers.
11:13 of 2nd period - Shot Misses the Net.
11:15 of 2nd period - Shot by Oliver Ekman-Larsson.
11:15 of 2nd period - Stopped by Matt Murray without a rebound.
11:16 of 2nd period - Leon Draisaitl wins face-off versus Dylan Strome in NASHVILLE Predators zone.
11:31 of 2nd period - Shot by Leon Draisaitl.
11:31 of 2nd period - Shot Misses the Net.
11:49 of 2nd period - Shot by Filip Forsberg.
11:49 of 2nd period - Stopped by Juuse Saros without a rebound.
11:50 of 2nd period - Henrik Borgstrom wins face-off versus Ryan O'Reilly in EDMONTON Oilers zone.
12:29 of 2nd period - Shot by Nikolaj Ehlers.
12:29 of 2nd period - Shot Misses the Net.
13:19 of 2nd period - Shot by Filip Forsberg.
13:19 of 2nd period - Stopped by Juuse Saros without a rebound.
13:20 of 2nd period - Calle Jarnkrok wins face-off versus Dylan Strome in EDMONTON Oilers zone.
13:20 of 2nd period - Vladislav Namestnikov is hit by Jonas Siegenthaler and loses puck.
13:41 of 2nd period - Shot by Dylan Strome.
13:41 of 2nd period - Stopped by Matt Murray without a rebound.
13:42 of 2nd period - Oskar Steen wins face-off versus Ryan O'Reilly in NASHVILLE Predators zone.
13:42 of 2nd period - Oskar Steen is hit by Ryan O'Reilly.
14:02 of 2nd period - Ryan O'Reilly is hit by Brett Connolly and loses puck.
14:53 of 2nd period - Icing by Mitch Marner.
14:54 of 2nd period - Leon Draisaitl wins face-off versus Nico Hischier in EDMONTON Oilers zone.
14:57 of 2nd period - Shot by Bryan Rust.
14:57 of 2nd period - Shot Blocked by Oliver Ekman-Larsson.
14:59 of 2nd period - Shot by Erik Gustafsson.
14:59 of 2nd period - Shot Misses the Net.
15:01 of 2nd period - Shot by Erik Gustafsson.
15:01 of 2nd period - Goal by Erik Gustafsson - NASHVILLE Predators : 1 - EDMONTON Oilers : 4.
15:02 of 2nd period - Dylan Strome wins face-off versus Leon Draisaitl in neutral zone.
15:17 of 2nd period - Shot by Dylan Strome.
15:17 of 2nd period - Shot Misses the Net.
15:25 of 2nd period - Shot by Jack Quinn.
15:25 of 2nd period - Stopped by Matt Murray without a rebound.
15:26 of 2nd period - Calle Jarnkrok wins face-off versus Clayton Keller in NASHVILLE Predators zone.
15:49 of 2nd period - Shot by Nico Hischier.
15:49 of 2nd period - Shot Misses the Net.
15:51 of 2nd period - Shot by Nico Hischier.
15:51 of 2nd period - Shot Misses the Net.
15:53 of 2nd period - Shot by Roman Josi .
15:53 of 2nd period - Shot Misses the Net.
15:55 of 2nd period - Shot by Nico Hischier.
15:55 of 2nd period - Stopped by Matt Murray without a rebound.
15:56 of 2nd period - Leon Draisaitl wins face-off versus Ryan O'Reilly in NASHVILLE Predators zone.
16:30 of 2nd period - Shot by Bryan Rust.
16:30 of 2nd period - Shot Blocked by Alexander Romanov.
16:40 of 2nd period - Shot by Bryan Rust.
16:40 of 2nd period - Shot Blocked by Nikolaj Ehlers.
16:42 of 2nd period - Shot by Filip Forsberg.
16:42 of 2nd period - Stopped by Juuse Saros without a rebound.
16:43 of 2nd period - Clayton Keller wins face-off versus Calle Jarnkrok in EDMONTON Oilers zone.
17:02 of 2nd period - Shot by Clayton Keller.
17:02 of 2nd period - Shot Blocked by Andrew Copp.
17:08 of 2nd period - Shot by Clayton Keller.
17:08 of 2nd period - Shot Misses the Net.
17:09 of 2nd period - Minor Penalty to Erik Gustafsson for Cross-checking.
17:10 of 2nd period - Vladislav Namestnikov wins face-off versus Ryan O'Reilly in NASHVILLE Predators zone.
18:05 of 2nd period - Icing by Nico Hischier.
18:06 of 2nd period - Ryan Donato wins face-off versus Nico Hischier in EDMONTON Oilers zone.
18:43 of 2nd period - Shot by Mitch Marner.
18:43 of 2nd period - Shot Blocked by Calle Jarnkrok.
18:55 of 2nd period - Shot by Clayton Keller.
18:55 of 2nd period - Stopped by Matt Murray without a rebound.
18:56 of 2nd period - Ryan Donato wins face-off versus Ryan O'Reilly in NASHVILLE Predators zone.
19:13 of 2nd period - Shot by Dylan Strome.
19:13 of 2nd period - Shot Misses the Net.
19:15 of 2nd period - Shot by Jack Quinn.
19:15 of 2nd period - Shot Misses the Net.
19:37 of 2nd period - Shot by Anthony Cirelli.
19:37 of 2nd period - Stopped by Matt Murray without a rebound.
19:38 of 2nd period - Filip Forsberg wins face-off versus Yegor Sharangovich in NASHVILLE Predators zone.
Goals for this period are 1 for NASHVILLE Predators vs 1 for EDMONTON Oilers .
Shots for this period are 9 for NASHVILLE Predators vs 15 for EDMONTON Oilers .

3rd period


0:01 of 3rd period - Henrik Borgstrom wins face-off versus Nico Hischier in neutral zone.
0:28 of 3rd period - Shot by Clayton Keller.
0:28 of 3rd period - Stopped by Matt Murray without a rebound.
0:29 of 3rd period - Calle Jarnkrok wins face-off versus Ryan O'Reilly in NASHVILLE Predators zone.
0:29 of 3rd period - Calle Jarnkrok is hit by Nikolaj Ehlers.
1:03 of 3rd period - Shot by Nikolaj Ehlers.
1:03 of 3rd period - Shot Misses the Net.
1:05 of 3rd period - Shot by Alexander Romanov.
1:05 of 3rd period - Shot Misses the Net.
1:07 of 3rd period - Shot by Oliver Ekman-Larsson.
1:07 of 3rd period - Shot Misses the Net.
1:09 of 3rd period - Shot by Nikolaj Ehlers.
1:09 of 3rd period - Shot Misses the Net.
1:11 of 3rd period - Shot by Ryan O'Reilly.
1:11 of 3rd period - Goal by Ryan O'Reilly - NASHVILLE Predators : 1 - EDMONTON Oilers : 5.
1:12 of 3rd period - Nico Hischier wins face-off versus Filip Forsberg in neutral zone.
1:29 of 3rd period - Shot by Clayton Keller.
1:29 of 3rd period - Stopped by Matt Murray without a rebound.
1:30 of 3rd period - Dylan Strome wins face-off versus Kevin Labanc in NASHVILLE Predators zone.
1:35 of 3rd period - Shot by Jack Quinn.
1:35 of 3rd period - Shot Misses the Net.
1:51 of 3rd period - Shot by Ryan Donato.
1:51 of 3rd period - Stopped by Juuse Saros without a rebound.
1:52 of 3rd period - Ryan O'Reilly wins face-off versus Leon Draisaitl in EDMONTON Oilers zone.
1:52 of 3rd period - Ryan O'Reilly is hit by Filip Forsberg.
2:02 of 3rd period - Shot by Nikolaj Ehlers.
2:02 of 3rd period - Shot Misses the Net.
2:14 of 3rd period - Shot by Filip Forsberg.
2:14 of 3rd period - Shot Misses the Net.
2:28 of 3rd period - Shot by Cam Fowler.
2:28 of 3rd period - Shot Misses the Net.
2:50 of 3rd period - Nico Hischier is hit by Filip Forsberg and loses puck.
2:56 of 3rd period - Clayton Keller is hit by Bryan Rust and loses puck.
3:21 of 3rd period - Alexander Romanov is hit by Vladislav Namestnikov.
3:30 of 3rd period - Icing by Alexander Romanov.
3:31 of 3rd period - Nico Hischier wins face-off versus Henrik Borgstrom in EDMONTON Oilers zone.
4:15 of 3rd period - Icing by Chris Tanev.
4:16 of 3rd period - Henrik Borgstrom wins face-off versus Ryan O'Reilly in NASHVILLE Predators zone.
4:22 of 3rd period - Minor Penalty to Arthur Kaliyev for Tripping.
4:23 of 3rd period - Leon Draisaitl wins face-off versus Ryan O'Reilly in EDMONTON Oilers zone.
5:24 of 3rd period - Shot by Matt Grzelcyk.
5:24 of 3rd period - Shot Misses the Net.
5:32 of 3rd period - Shot by Vladislav Namestnikov.
5:32 of 3rd period - Deflect By Kevin Labanc.
5:32 of 3rd period - Shot Blocked by Oliver Ekman-Larsson.
6:43 of 3rd period - Brett Connolly is hit by Jonas Siegenthaler and loses puck.
6:48 of 3rd period - Shot by Oskar Steen.
6:48 of 3rd period - Shot Misses the Net.
6:50 of 3rd period - Shot by Brett Connolly.
6:50 of 3rd period - Stopped by Juuse Saros without a rebound.
6:51 of 3rd period - Henrik Borgstrom wins face-off versus Clayton Keller in EDMONTON Oilers zone.
7:55 of 3rd period - Icing by Calle Jarnkrok.
7:56 of 3rd period - Calle Jarnkrok wins face-off versus Dylan Strome in NASHVILLE Predators zone.
8:19 of 3rd period - Shot by Calle Jarnkrok.
8:19 of 3rd period - Deflect By Vladislav Namestnikov.
8:19 of 3rd period - Shot Blocked by Alexander Romanov.
8:21 of 3rd period - Shot by Andrew Copp.
8:21 of 3rd period - Shot Blocked by Anthony Cirelli.
9:59 of 3rd period - Shot by Ryan O'Reilly.
9:59 of 3rd period - Deflect By Nikolaj Ehlers.
9:59 of 3rd period - Shot Misses the Net.
10:01 of 3rd period - Shot by Ryan O'Reilly.
10:01 of 3rd period - Stopped by Matt Murray without a rebound.
10:02 of 3rd period - Calle Jarnkrok wins face-off versus Clayton Keller in NASHVILLE Predators zone.
10:02 of 3rd period - Calle Jarnkrok is hit by Clayton Keller.
11:54 of 3rd period - Shot by Ryan Donato.
11:54 of 3rd period - Stopped by Juuse Saros without a rebound.
11:55 of 3rd period - Yegor Sharangovich wins face-off versus Oskar Steen in EDMONTON Oilers zone.
12:07 of 3rd period - Icing by Colin White.
12:08 of 3rd period - Dylan Strome wins face-off versus Oskar Steen in NASHVILLE Predators zone.
12:47 of 3rd period - Shot by Brett Connolly.
12:47 of 3rd period - Stopped by Juuse Saros with a rebound.
13:10 of 3rd period - Calle Jarnkrok is hit by Ryan O'Reilly.
13:17 of 3rd period - Off-side.
13:18 of 3rd period - Leon Draisaitl wins face-off versus Mitch Marner in neutral zone.
13:35 of 3rd period - Bryan Rust is hit by Nico Hischier and loses puck.
13:56 of 3rd period - Shot by Filip Forsberg.
13:56 of 3rd period - Shot Misses the Net.
14:03 of 3rd period - Mitch Marner is hit by Chris Tanev and loses puck.
14:17 of 3rd period - Minor Penalty to Chris Tanev for Hooking.
14:18 of 3rd period - Ryan O'Reilly wins face-off versus Vladislav Namestnikov in NASHVILLE Predators zone.
14:19 of 3rd period - Shot by Nikolaj Ehlers.
14:19 of 3rd period - Shot Misses the Net.
14:21 of 3rd period - Shot by Oliver Ekman-Larsson.
14:21 of 3rd period - Shot Misses the Net.
15:10 of 3rd period - Off-side.
15:11 of 3rd period - Vladislav Namestnikov wins face-off versus Nico Hischier in neutral zone.
15:25 of 3rd period - Minor Penalty to Filip Forsberg for Interference.
15:26 of 3rd period - Vladislav Namestnikov wins face-off versus Nico Hischier in NASHVILLE Predators zone.
15:34 of 3rd period - Icing by Oliver Ekman-Larsson.
15:35 of 3rd period - Nico Hischier wins face-off versus Vladislav Namestnikov in EDMONTON Oilers zone.
15:39 of 3rd period - Icing by Oliver Ekman-Larsson.
15:40 of 3rd period - Nico Hischier wins face-off versus Vladislav Namestnikov in EDMONTON Oilers zone.
15:53 of 3rd period - Icing by Arthur Kaliyev.
15:54 of 3rd period - Vladislav Namestnikov wins face-off versus Nico Hischier in EDMONTON Oilers zone.
16:39 of 3rd period - Shot by Roman Josi .
16:39 of 3rd period - Stopped by Matt Murray without a rebound.
16:40 of 3rd period - Vladislav Namestnikov wins face-off versus Ryan O'Reilly in NASHVILLE Predators zone.
16:54 of 3rd period - Shot by Nikolaj Ehlers.
16:54 of 3rd period - Stopped by Matt Murray without a rebound.
16:55 of 3rd period - Ryan Donato wins face-off versus Nikolaj Ehlers in NASHVILLE Predators zone.
16:55 of 3rd period - Ryan Donato is hit by Clayton Keller.
17:07 of 3rd period - Shot by Tony DeAngelo.
17:07 of 3rd period - Shot Misses the Net.
17:09 of 3rd period - Shot by Ryan O'Reilly.
17:09 of 3rd period - Deflect By Clayton Keller.
17:09 of 3rd period - Goal by Clayton Keller - NASHVILLE Predators : 1 - EDMONTON Oilers : 6.
17:10 of 3rd period - Leon Draisaitl wins face-off versus Yegor Sharangovich in neutral zone.
17:19 of 3rd period - Shot by Josh Morrissey.
17:19 of 3rd period - Shot Blocked by Oliver Ekman-Larsson.
17:21 of 3rd period - Shot by Filip Forsberg.
17:21 of 3rd period - Stopped by Juuse Saros without a rebound.
17:22 of 3rd period - Henrik Borgstrom wins face-off versus Ryan O'Reilly in EDMONTON Oilers zone.
17:25 of 3rd period - Shot by Ryan Donato.
17:25 of 3rd period - Stopped by Juuse Saros without a rebound.
17:26 of 3rd period - Ryan O'Reilly wins face-off versus Henrik Borgstrom in EDMONTON Oilers zone.
17:45 of 3rd period - Arthur Kaliyev is hit by Josh Morrissey.
17:54 of 3rd period - Icing by Alexander Romanov.
17:55 of 3rd period - Ryan O'Reilly wins face-off versus Calle Jarnkrok in EDMONTON Oilers zone.
17:55 of 3rd period - Oliver Ekman-Larsson is hit by Vladislav Namestnikov and loses puck.
18:03 of 3rd period - Oliver Ekman-Larsson is hit by Matt Grzelcyk and loses puck.
18:56 of 3rd period - Minor Penalty to Josh Morrissey for Tripping.
18:57 of 3rd period - Nico Hischier wins face-off versus Ryan Donato in NASHVILLE Predators zone.
19:17 of 3rd period - Shot by Roman Josi .
19:17 of 3rd period - Stopped by Matt Murray without a rebound.
19:18 of 3rd period - Vladislav Namestnikov wins face-off versus Nico Hischier in NASHVILLE Predators zone.
19:27 of 3rd period - Calle Jarnkrok is hit by Nico Hischier and loses puck.
19:40 of 3rd period - Chris Tanev is hit by Nico Hischier and loses puck.
19:51 of 3rd period - Shot by Roman Josi .
19:51 of 3rd period - Stopped by Matt Murray with a rebound.
Goals for this period are 0 for NASHVILLE Predators vs 2 for EDMONTON Oilers .
Shots for this period are 6 for NASHVILLE Predators vs 9 for EDMONTON Oilers .